Map: Efflorescence LE

Players

qqq

  • Race: Zerg Zerg
  • League: Platinum
  • Spawn Location: 9:00

Massa

  • Race: Terran Terran
  • League: Platinum
  • Spawn Location: 6:00

Scar - Winner!

  • Race: Zerg Zerg
  • League: Diamond
  • Spawn Location: 12:00

Alphonsekarr - Winner!

  • Race: Protoss Protoss
  • League: Diamond
  • Spawn Location: 3:00

VOD

Have the link to the VOD?

Description

Time

  • Played on: Jan. 4, 2021, 4:31 p.m.
  • Length: 14:36
Show
View Real Time Build Order
Export as new Build Order

qqq Zerg 

Build Orders: Hatch First 

Get SALT Encoding   

  12  0:00  Drone  
  13  0:12  Drone  
  14  0:23  Overlord  
  14  0:46  Hatchery  
  14  0:50  Drone  
  14  0:52  Drone  
  15  0:58  Drone  
  16  1:04  Extractor  
  15  1:20  Spawning Pool  
  14  1:25  Drone  
  14  1:26  Drone  
  16  1:35  Drone  
  16  1:38  Drone  
  18  1:48  Drone  
  19  1:59  Drone  
  19  2:01  Drone  
  21  2:08  Queen  
  21  2:10  Queen  
  25  2:19  Metabolic Boost  
  25  2:26  Overlord  
  25  2:27  Drone  
  26  2:30  Drone  
  26  2:33  Zergling x2  
  28  2:41  Overlord  
  28  2:45  Drone  
  28  2:46  Drone  
  30  2:55  Roach Warren  
  30  2:57  Drone  
  30  3:00  Zergling x2  
  30  3:03  Zergling x2  
  32  3:10  Zergling x2  
  32  3:12  Zergling x2  
  34  3:14  Overlord  
  34  3:16  Zergling x2  
  35  3:20  Zergling x2  
  35  3:21  Zergling x2  
  35  3:24  Zergling x2  
  38  3:27  Zergling x2  
  38  3:29  Zergling x2  
  40  3:34  Zergling x2  
  40  3:38  Roach  
  43  3:47  Roach  
  43  3:48  Roach  
  47  3:51  Lair  
  47  3:55  Overlord  
  47  4:03  Overlord  
  47  4:13  Roach x2  
  51  4:19  Drone, Extractor  
  51  4:23  Roach  
  57  4:24  Roach x2  
  56  4:36  Roach  
  56  4:37  Roach  
  57  4:47  Roach  
  57  4:48  Overlord x2  
  57  5:02  Roach  
  57  5:03  Drone  
  60  5:10  Roach x2  
  63  5:23  Roach  
  64  5:39  Roach x2  
  64  5:40  Roach  
  64  5:41  Drone x2  
  72  5:53  Roach  
  72  5:54  Roach  
  71  6:08  Drone x2, Roach  
  69  6:41  Roach x3  
  69  6:45  Baneling Nest  
  73  7:04  Roach x2  
  73  7:06  Overlord x3  
  76  7:15  Glial Reconstitution  
  65  7:44  Roach x3  
  69  7:45  Zergling x6  
  54  8:28  Hatchery  
  52  8:49  Spine Crawler  
  52  8:50  Spine Crawler  
  52  8:52  Drone x6  
  56  8:58  Drone x3  
  56  9:00  Queen  
  56  9:02  Drone x3  
  64  9:09  Hatchery  
  63  9:35  Drone x2  
  65  9:40  Zergling x4  
  63  10:14  Roach x4  
  57  10:35  Drone x3  
  52  10:40  Spire  
  52  10:42  Drone x2  
  37  10:43  Overlord  
  37  10:44  Extractor, Overlord x2  
  37  10:46  Drone  
  37  10:47  Queen  
  37  10:48  Drone  
  38  10:52  Spore Crawler  
  38  10:54  Spine Crawler  
  36  11:01  Spine Crawler  
  27  11:19  Roach x4  
  27  11:23  Spore Crawler  
  32  11:42  Drone, Spore Crawler  
  32  11:43  Drone x4  
  36  11:53  Mutalisk  
  38  11:54  Mutalisk  
  38  11:59  Drone  
  41  12:15  Overlord x3  
  33  12:44  Hatchery  
  30  12:50  Drone x2  
  26  12:58  Drone  
  27  13:00  Extractor x2  
  27  13:05  Drone  
  24  13:13  Mutalisk  
  26  13:27  Mutalisk  
  28  13:48  Mutalisk  
  28  13:50  Drone  
  31  14:06  Roach  
  24  14:11  Drone x2  
  24  14:13  Roach  
Show
View Real Time Build Order
Export as new Build Order

Massa Terran 

Build Orders:  

Get SALT Encoding   

  12  0:00  SCV  
  13  0:12  SCV  
  14  0:18  Supply Depot  
  14  0:24  SCV  
  15  0:39  SCV  
  15  0:40  Barracks  
  16  0:51  SCV, Supply Depot  
  17  1:01  Barracks  
  17  1:05  SCV  
  18  1:14  Refinery  
  18  1:17  SCV  
  19  1:26  Barracks  
  19  1:29  SCV  
  20  1:34  Marine  
  21  1:44  Orbital Command  
  21  1:49  Barracks Tech Lab  
  21  1:53  Marine  
  22  2:03  Supply Depot  
  22  2:10  Marine  
  22  2:13  Marine  
  24  2:16  Marine  
  25  2:27  Stimpack  
  25  2:28  Marine  
  26  2:31  Marine  
  26  2:33  Supply Depot  
  27  2:38  Marine  
  28  2:47  Marauder  
  28  2:48  Marine  
  31  2:56  Marine  
  32  2:59  Supply Depot  
  32  3:06  Marine  
  32  3:08  Marauder  
  35  3:14  Marine  
  36  3:24  Marine, Supply Depot  
  37  3:29  Marauder  
  37  3:32  Marine  
  40  3:40  Engineering Bay  
  40  3:42  Marine  
  41  3:49  Marine  
  41  3:51  Marauder  
  44  4:00  Marine  
  45  4:07  Marine, Combat Shield  
  46  4:12  Marauder, Missile Turret  
  48  4:17  Marine  
  49  4:25  Marine  
  50  4:33  Marauder  
  50  4:35  Marine  
  53  4:43  Marine  
  54  4:53  Marine  
  31  5:23  Marauder, Marine x2  
  31  5:40  Marine  
  31  5:41  Marine  
  33  5:44  Marauder  
  28  5:58  Marine x2  
  30  6:06  Marauder, Command Center, Concussive Shells  
  32  6:16  Marine x2  
  34  6:27  Marauder  
  36  6:34  Marine  
  31  6:48  Marauder  
  31  6:49  Marine  
  31  6:52  Marine  
  25  7:07  Marine  
  25  7:09  Marine  
  25  7:10  Marauder  
  23  7:22  Planetary Fortress  
  23  7:25  Marine  
  24  7:43  Marine  
  24  7:51  Orbital Command  
  19  8:26  Marine  
  20  8:30  SCV  
  21  8:37  SCV  
  21  8:38  Marine x2  
  24  8:42  SCV  
  24  8:44  Marine  
  26  8:50  SCV  
  26  8:54  SCV  
  28  8:56  Marine x2  
  28  9:01  Marine  
  28  9:02  SCV  
  32  9:06  SCV  
  33  9:14  SCV, Marine x2  
  36  9:19  Marine, Supply Depot  
  36  9:20  Supply Depot x2  
  36  9:22  Supply Depot x2  
  36  9:24  Supply Depot  
  37  9:30  Factory  
  37  9:33  Missile Turret  
  37  9:34  Terran Infantry Weapons Level 1  
  37  9:38  Refinery  
  37  9:40  Refinery, SCV  
  37  9:41  SCV  
  39  9:46  Refinery  
  39  9:53  SCV x2  
  41  10:00  Marine x3  
  41  10:05  SCV x2  
  46  10:09  Missile Turret  
  46  10:14  Missile Turret  
  46  10:17  Marine  
  46  10:18  Marine x2  
  46  10:20  SCV x2  
  51  10:22  Factory Tech Lab  
  51  10:32  SCV x2  
  53  10:36  Barracks Tech Lab  
  53  10:46  Refinery  
  53  10:48  SCV x2  
  55  10:50  Marine x2  
  55  10:53  Cyclone  
  60  11:00  SCV x2  
  64  11:04  Marauder  
  64  11:08  Marine x2  
  66  11:12  SCV  
  48  11:26  Marauder, Marine x2  
  48  11:28  Terran Infantry Armor Level 1  
  40  11:39  Cyclone  
  43  11:44  Marine x2  
  47  11:47  Marauder  
  47  12:02  Marine x2  
  51  12:08  Marauder  
  51  12:19  Factory Tech Lab, Marine  
  51  12:20  Marine  
  51  12:22  Command Center  
  55  12:30  Marauder  
  54  12:37  Marine x2  
  56  12:50  Marine  
  57  12:54  Siege Tank  
  57  12:55  Marine x2  
  62  13:08  Marine  
  63  13:15  Supply Depot  
  63  13:20  Marine  
  63  13:21  Marine  
  52  13:27  Marauder  
  39  13:45  Marine x2  
  39  13:47  Marine  
  38  14:03  Marine x2  
  38  14:05  Marine  
Show
View Real Time Build Order
Export as new Build Order

Scar Zerg - Winner!

Build Orders: Hatch First 

Get SALT Encoding   

  12  0:00  Drone  
  13  0:13  Overlord  
  13  0:18  Drone  
  14  0:31  Drone x2  
  16  0:51  Hatchery  
  16  0:55  Drone  
  16  0:58  Extractor  
  16  1:00  Drone  
  16  1:15  Spawning Pool  
  15  1:18  Drone  
  15  1:22  Drone  
  17  1:26  Drone  
  17  1:32  Drone  
  19  1:40  Drone  
  20  1:53  Drone  
  21  2:03  Queen x2  
  21  2:08  Metabolic Boost  
  25  2:16  Overlord  
  25  2:22  Drone x2  
  27  2:25  Drone  
  28  2:47  Hatchery  
  28  2:48  Drone  
  28  2:49  Drone  
  29  2:51  Drone  
  29  2:54  Drone  
  29  2:56  Drone  
  32  3:04  Drone x3  
  35  3:10  Evolution Chamber  
  35  3:11  Overlord  
  34  3:21  Overlord  
  34  3:23  Queen  
  36  3:30  Zergling x8  
  40  3:38  Zerg Melee Weapons Level 1  
  40  3:39  Zergling x2  
  40  3:40  Zergling x4  
  43  3:43  Drone  
  43  3:45  Drone x2  
  46  3:54  Drone, Overlord  
  47  3:57  Zergling x6  
  47  3:59  Zergling x2  
  47  4:00  Zergling x2  
  52  4:10  Overlord  
  52  4:11  Zergling x4  
  52  4:14  Queen  
  56  4:23  Zergling x8, Baneling Nest  
  59  4:28  Zergling x2  
  59  4:29  Zergling x2  
  59  4:30  Zergling x2  
  62  4:35  Zergling x2  
  62  4:37  Zergling x2  
  54  4:42  Zergling x2  
  54  4:44  Zergling x2  
  56  4:49  Zergling x2  
  56  4:51  Zergling x6  
  59  4:53  Zergling x4  
  54  5:01  Zergling x4  
  54  5:05  Zergling x2  
  56  5:12  Zergling x4  
  53  5:14  Zergling x2  
  49  5:21  Zergling x2  
  49  5:22  Zergling x2  
  49  5:23  Zergling x4  
  49  5:25  Zergling x2  
  49  5:26  Zergling x2  
  53  5:34  Zergling x2  
  52  5:36  Zergling x4  
  54  5:44  Zergling x2  
  54  5:47  Zergling x4  
  55  5:55  Zergling x2  
  55  5:56  Zergling x4  
  57  6:00  Zergling x2  
  54  6:04  Zergling x4  
  54  6:06  Zergling x6  
  54  6:08  Zergling x4  
  54  6:09  Zergling x2  
  54  6:11  Zergling x4  
  64  6:14  Zergling x2  
  64  6:18  Zergling x2  
  64  6:22  Zergling x2  
  65  6:31  Zergling x6  
  65  6:32  Zergling x4  
  67  6:33  Zergling x2  
  67  6:36  Zergling x4  
  67  6:38  Zergling x2  
  67  6:39  Zergling x2  
  69  6:41  Zergling x2  
  69  6:45  Zerg Ground Armor Level 1  
  69  6:46  Zergling x2  
  71  6:48  Zergling x2  
  71  6:50  Hatchery, Zergling x2  
  71  6:55  Zergling x2  
  71  6:59  Zergling x2  
  67  7:12  Zergling x6  
  66  7:18  Zergling x8  
  66  7:19  Zergling x6  
  66  7:20  Zergling x2  
  71  7:29  Zergling x2  
  70  7:30  Zergling x2  
  70  7:33  Zergling x2  
  70  7:37  Zergling x4  
  71  7:38  Zergling x2  
  71  7:40  Zergling x4  
  71  7:41  Zergling x2  
  73  7:48  Zergling x4  
  63  8:16  Zergling x6  
  63  8:17  Zergling x2  
  63  8:18  Zergling x4  
  68  8:20  Zergling x6  
  68  8:21  Zergling x4  
  63  8:44  Zergling x18  
  70  8:53  Lair  
  70  8:57  Roach Warren  
  70  9:01  Extractor  
  66  9:29  Drone x5  
  71  9:35  Extractor  
  70  9:40  Extractor  
  68  9:55  Baneling x12  
  64  10:12  Zergling x2  
  64  10:13  Zergling x18  
  74  10:15  Overlord x2  
  73  10:33  Zergling x12  
  73  10:54  Drone x10  
  83  11:00  Baneling x11  
  83  11:01  Baneling x8  
  83  11:02  Hatchery  
  83  11:03  Overlord  
  74  11:17  Zergling x12  
  49  11:34  Zergling x6  
  49  11:35  Zergling x8  
  49  11:36  Zergling x2  
  49  11:39  Zergling x2  
  57  11:46  Zergling x2  
  58  11:49  Zergling x4  
  60  11:54  Zergling x6  
  60  12:01  Drone x3  
  66  12:09  Zergling x4  
  67  12:17  Zergling x12  
  67  12:20  Zergling x2  
  71  12:27  Zergling x4  
  71  12:28  Zergling x4  
  71  12:29  Zergling x2  
  75  12:31  Zergling x4  
  77  12:37  Zergling x2  
  77  12:38  Zergling x2  
  77  12:41  Zergling x2  
  77  12:42  Zergling x8  
  82  12:46  Zergling x2  
  81  12:51  Queen  
  83  13:03  Hatchery  
  82  13:05  Drone x6  
  82  13:06  Drone  
  82  13:12  Drone x3  
  91  13:14  Drone x2  
  87  13:21  Zergling x6  
  87  13:23  Zergling x2  
  87  13:24  Zergling x2  
  71  13:27  Zergling x2  
  71  13:31  Zergling x2  
  68  13:37  Zergling x2  
  68  13:38  Zergling x2  
  70  13:50  Zergling x2  
  70  13:54  Zergling x2  
  73  13:55  Zergling x4  
  73  13:56  Zergling x6  
  73  13:57  Zergling x4  
  78  14:04  Zergling x2  
  78  14:05  Zergling x2  
  78  14:07  Zergling x2  
  78  14:08  Zergling x6  
  84  14:11  Zergling x6  
Show
View Real Time Build Order
Export as new Build Order

Alphonsekarr Protoss - Winner!

Build Orders: 1 Gate Expand 

Get SALT Encoding   

  12  0:01  Probe  
  13  0:15  Pylon  
  13  0:18  Probe  
  14  0:30  Probe  
  15  0:36  Gateway  
  15  0:43  Assimilator  
  15  0:46  Probe  
  16  0:58  Probe (Chrono Boost)  
  17  1:08  Probe (Chrono Boost)  
  18  1:20  Pylon  
  18  1:26  Probe  
  18  1:32  Nexus  
  19  1:45  Probe  
  20  1:53  Assimilator  
  20  1:56  Cybernetics Core  
  20  1:57  Probe  
  21  2:06  Gateway  
  21  2:20  Probe  
  22  2:30  Pylon  
  22  2:48  Warp Gate  
  22  2:49  Stalker  
  24  2:53  Stalker  
  26  3:00  Probe x2, Pylon  
  28  3:17  Forge  
  28  3:19  Probe  
  29  3:25  Stalker  
  31  3:30  Probe  
  32  3:40  Probe  
  33  3:42  Shield Battery  
  33  3:44  Probe  
  34  3:53  Gateway  
  33  4:08  Shield Battery  
  33  4:12  Pylon  
  33  4:16  Stalker  
  35  4:27  Gateway  
  33  4:40  Stalker  
  30  4:48  Stalker  
  32  4:58  Pylon, Stalker  
  30  5:05  Probe x2  
  27  5:31  Adept x2  
  11  6:02  Sentry x2  
  10  6:23  Probe  
  10  6:24  Probe  
  10  6:33  Stargate  
  10  6:45  Stalker  
  12  7:01  Probe (Chrono Boost)  
  12  7:10  Probe (Chrono Boost)  
  12  7:13  Probe (Chrono Boost)  
  13  7:16  Pylon  
  13  7:21  Void Ray (Chrono Boost)  
  18  7:41  Probe (Chrono Boost)  
  18  7:46  Probe (Chrono Boost)  
  19  7:53  Sentry x2  
  24  8:13  Probe x2 (Chrono Boost)  
  25  8:22  Probe (Chrono Boost)  
  25  8:23  Probe (Chrono Boost), Void Ray (Chrono Boost)  
  31  8:37  Probe  
  32  8:48  Probe  
  32  8:52  Pylon  
  33  8:57  Void Ray (Chrono Boost)  
  37  9:22  Probe  
  37  9:23  Probe  
  39  9:24  Pylon  
  39  9:27  Pylon  
  39  9:34  Stalker  
  41  9:51  Void Ray  
  45  10:04  Stalker x2  
  33  10:29  Probe x2  
  33  10:30  Void Ray  
  35  10:41  Probe x2  
  41  10:53  Probe  
  41  10:54  Probe  
  43  11:05  Probe  
  43  11:06  Probe  
  45  11:17  Probe  
  45  11:18  Probe  
  47  11:42  Probe  
  44  11:55  Probe x2  
  46  12:06  Void Ray  
  46  12:07  Probe  
  47  12:13  Probe  
  52  12:19  Probe  
  52  12:20  Pylon, Assimilator  
  53  12:25  Probe, Stalker  
  56  12:31  Probe, Pylon  
  48  12:41  Probe  
  45  12:51  Stalker x2  
  49  12:52  Probe  
  50  13:00  Gateway  
  50  13:07  Probe x2  
  52  13:15  Nexus  
  52  13:22  Void Ray  
  52  13:32  Probe x2  
  56  14:12  Probe  
  56  14:13  Probe  
  56  14:17  Stalker x3  
Tags
 
Add a new tag
Caveats
  • Supply blocks, unpowered buildings, or Contaminate may cause inaccurate times.
  • Supply counts are checked every 10 seconds.